 Dungeon Crawl Stone Soup version 0.27.1 (webtiles) character file.

Game seed: 14403065970993128775

502 Rrauwl the Shield-Bearer (level 7, -1/43 HPs)
             Began as a Gargoyle Fighter on Aug 27, 2021.
             Slain by a white imp (2 damage)
             ... summoned by Eustachio
             ... on level 4 of the Dungeon.
             The game lasted 00:12:48 (4894 turns).

Rrauwl the Shield-Bearer (Gargoyle Fighter)         Turns: 4894, Time: 00:12:48

Health: -1/43      AC: 11    Str: 19 (20) XL:     7   Next: 17%
Magic:  7/7        EV:  8    Int:  7 (9)  God:
Gold:   111        SH: 10    Dex:  9 (10) Spells: 6/6 levels left

rFire    . . .     SeeInvis .   a - +0 flail
rCold    . . .     Faith    .   c - +0 kite shield
rNeg     + . .     Spirit   .   b - +0 scale mail
rPois    ∞         Reflect  .   (no helmet)
rElec    +         Harm     .   (no cloak)
rCorr    .         Rampage  .   (no gloves)
Will     .....                  (no boots)
Stlth    ..........             (no amulet)
HPRegen  0.14/turn              (no ring)
MPRegen  0.10/turn              (no ring)

@: no status effects
A: sickness immunity, AC +4, negative energy resistance 1, electricity
resistance, torment resistance 1, petrification resistance
a: no special abilities


You were on level 4 of the Dungeon.
You visited 1 branch of the dungeon, and saw 4 of its levels.

You collected 111 gold pieces.

Inventory:

Hand Weapons
 a - a +0 flail (weapon)
 f - a +0 hunting sling
 i - a +0 whip
 l - a +1 dagger of venom
Missiles
 e - 29 bolts
 h - 19 arrows
Armour
 b - a +0 scale mail (worn)
 c - a +0 kite shield (worn)
Jewellery
 j - an amulet of faith
Wands
 m - a wand of paralysis (9)
Scrolls
 d - 2 scrolls of fear
 g - a scroll of fog {unknown}
 k - 2 scrolls of immolation


   Skills:
 - Level 4.0 Fighting
 + Level 5.0 Maces & Flails
 - Level 4.0 Armour
 - Level 1.0 Dodging
 + Level 6.0 Shields


You had 6 spell levels left.
You didn't know any spells.
Your spell library contained the following spells:

 Spells                   Type           Power      Damage    Failure   Level
 Sting                    Tmut/Pois      0%         1d3       99%         1
 Summon Small Mammal      Summ           0%         N/A       99%         1
 Blink                    Tloc           N/A        N/A       100%        2
 Poisonous Vapours        Pois/Air       0%         N/A       100%        2
 Call Canine Familiar     Summ           0%         N/A       100%        3
 Lesser Beckoning         Tloc           0%         N/A       100%        3
 Summon Guardian Golem    Hex/Summ       0%         N/A       100%        3
 Olgreb's Toxic Radiance  Pois           0%         N/A       100%        4
 Manifold Assault         Tloc           0%         N/A       100%        5
 Dispersal                Tloc           0%         N/A       100%        6
 Disjunction              Tloc           0%         N/A       100%        8


Dungeon Overview and Level Annotations

Branches:
Dungeon (4/15)
 Temple: D:4-7

Altars:

Annotations:
D:4 3 runed translucent doors, Eustachio; flestrin's ghost, amateur MfTm


Innate Abilities, Weirdness & Mutations

You are immune to sickness and miasma.
Your stone body is resilient. (AC +4)
You are immune to poison.
You resist negative energy. (rN+)
You are resistant to electric shocks. (rElec)
You are resistant to unholy torment.
You are immune to petrification.


Message History

The orc barely misses you.
You hit the orc.
You kill the orc!
You hit Eustachio.
Eustachio is poisoned.
Eustachio is lightly wounded.
Eustachio hits you with a +1 rapier of freezing.
Eustachio freezes you.
You hit Eustachio.
Eustachio is lightly wounded.
Eustachio gestures wildly while chanting.
You hit Eustachio.
Eustachio looks as sick as possible!
Eustachio is moderately wounded.
Eustachio hits you with a +1 rapier of freezing.
Eustachio freezes you.
You hit Eustachio.
Eustachio is heavily wounded.
The iron imp hits you. You block Eustachio's attack.
You miss Eustachio.
Eustachio is heavily wounded.
You block Eustachio's attack. The iron imp hits you.
Eustachio hits you with a +1 rapier of freezing!
Eustachio freezes you.
* * * LOW HITPOINT WARNING * * *
You aren't carrying any potions.
You hit Eustachio.
Eustachio looks as sick as possible!
Eustachio is heavily wounded.
You block the iron imp's attack. You block Eustachio's attack.
Your +1 dagger of venom stops dripping with poison.
a - a +0 flail (weapon)
The iron imp completely misses you.
You closely miss Eustachio.
Eustachio is heavily wounded.
Eustachio gestures wildly while chanting.
Eustachio blinks!
The iron imp hits you!
* * * LOW HITPOINT WARNING * * *
You hit the iron imp but do no damage. You block the white imp's attack.
You block the iron imp's attack. The white imp hits you.
* * * LOW HITPOINT WARNING * * *
The white imp freezes you.
You die...

...........#
#......#.##..# ##.#
...........# #.#....#...
...........# #.#.......##
...........######....##...
...........'.....##.... ##
..........[#####.###..#..
...........# #.# #..# #
...........# #5# ...
...........# #@# ##.
...........# #5#
############ #.# #)# #.#
#@# ... (.. .....


You could see Eustachio (extremely poisoned), an iron imp (summoned) and a white
imp (summoned).

Vanquished Creatures
  An elf skeleton (D:4)
  A bullfrog zombie (D:3)
  2 human zombies (D:4)
  A hound (D:4)
  Jessica (D:2)
  Terence (D:2)
  2 human skeletons (D:4)
  3 orc wizards
  A howler monkey skeleton (D:4)
  5 adders
  An adder skeleton (D:2)
  A worm (D:4)
  A dart slug (D:2)
  10 orcs
  7 endoplasms
  7 giant cockroaches
  7 hobgoblins
  6 jackals
  4 quokkas
  3 ball pythons
  5 bats
  3 frilled lizards
  6 goblins
  3 kobolds
  An orc zombie (D:4)
  7 rats
90 creatures vanquished.

Vanquished Creatures (others)
  An orc wizard (D:3)
  A plant (D:1)
2 creatures vanquished.

Grand Total: 92 creatures vanquished

Notes
Turn   | Place    | Note
-------+----------+-------------------------------------------
     0 | D:1      | Rrauwl the Gargoyle Fighter began the quest for the Orb.
     0 | D:1      | Reached XP level 1. HP: 14/14 MP: 1/1
   336 | D:1      | Reached XP level 2. HP: 9/19 MP: 2/2
   862 | D:1      | Reached XP level 3. HP: 18/23 MP: 3/3
  1354 | D:1      | Found a faded altar of an unknown god.
  1445 | D:2      | Noticed Jessica
  1476 | D:2      | Killed Jessica
  1477 | D:2      | Reached skill level 1 in Dodging
  1477 | D:2      | Reached XP level 4. HP: 24/29 MP: 4/4
  1828 | D:2      | Reached skill level 4 in Shields
  1986 | D:2      | Noticed Terence
  2651 | D:3      | Reached XP level 5. HP: 33/33 MP: 5/5
  3432 | D:2      | Killed Terence
  3666 | D:4      | Reached XP level 6. HP: 26/38 MP: 6/6
  3801 | D:4      | Reached skill level 5 in Shields
  4165 | D:4      | Found a runed translucent gate.
  4165 | D:4      | Found a runed translucent gate.
  4166 | D:4      | Found a runed translucent gate.
  4167 | D:4      | Noticed flestrin's ghost (amateur MfTm)
  4482 | D:4      | Reached XP level 7. HP: 15/43 MP: 7/7
  4746 | D:4      | Reached skill level 6 in Shields
  4871 | D:4      | Noticed Eustachio
  4884 | D:4      | Reached skill level 5 in Maces & Flails
  4894 | D:4      | HP: 1/43 [white imp[Eustachio] (2)]
  4894 | D:4      | Slain by a white imp

Illustrated notes

Levels and vault maps discovered:
D:1:      wander_arrival_chamber, layout_loops_ring,
          dreamdust_ecumenical_altar_hidden_monk_grotto, minmay_crystal_water,
          minivault_25, serial_bayou_pond_b, st_stairs_4, minmay_tromino_v7
D:2:      layout_rooms, minmay_misc_feat_ornament, minmay_tripent, uniq_terence,
          uniq_jessica
D:3:      layout_loops_ring
D:4:      layout_basic, minmay_temple_entry_ruins,
          nicolae_ossuary_entry_catacombs, gammafunk_ghost_necromancy,
          uniq_eustachio, uniq_robin

Skill      XL: |  1  2  3  4  5  6  7 |
---------------+----------------------+-----
Dodging        | 1 |  1.0
Armour         | 4 |  4.0
Fighting       | 4 |  4.0
Shields        | 4 5 6 |  6.0
Maces & Flails | 3 4 5 |  5.0

Action                   |  1- 3 |  4- 6 |  7- 9 || total
-------------------------+-------+-------+-------++-------
Melee: Flail             |   110 |    34 |     2 ||   146
       Whip              |       |   319 |    50 ||   369
       Dagger            |       |       |    11 ||    11
  Use: Scroll            |     3 |     3 |       ||     6
       Potion            |     3 |     6 |     2 ||    11
Armor: Scale mail        |    89 |   149 |    14 ||   252
Dodge: Dodged            |    41 |    70 |    12 ||   123
Block: Kite shield       |    63 |   126 |    18 ||   207
